 Dungeon Crawl Stone Soup version 0.31-a0-43-g46d131a48f (webtiles) character file.

Game seed: 16892328402811936725

1836031 frimble the Imperceptible (level 27, 204/204 HPs)
             Began as a Gnoll Reaver on May 18, 2023.
             Was a High Priest of Cheibriados.
             Escaped with the Orb
             ... and 3 runes!
             The game lasted 02:30:40 (60940 turns).

frimble the Imperceptible (Gnoll Reaver)           Turns: 60940, Time: 02:30:41

Health: 204/204    AC: 28    Str: 27 (30) XL:     27
Magic:  53/53      EV: 25    Int: 47 (50) God:    Cheibriados [*****.]
Gold:   9217       SH: 11    Dex: 18 (23) Spells: 32/68 levels left

rFire   + . .        C - +18 lance "Wyrmbane" {slay drac, rPois rF+ rC+ AC+3}
rCold   + + +        M - +1 buckler {reflect}
rNeg    . . .        z - +4 moon troll leather armour {Spirit, Regen++ MP+5}
rPois   +            (no helmet)
rElec   .            S - +2 cloak {rC+}
rCorr   +            n - +2 pair of gloves {Dex+3}
SInv    +            B - +1 pair of boots of Going Fast {+Blink SInv}
Will    +++..        T - amulet of magic regeneration
Stlth   +++          Z - ring "Ureat" {rC++ rCorr Str+6 Int+3 Slay+3}
HPRegen 2.14/turn    U - ring "Zush" {+Blink rC+ Will+ Int+6 Slay+3}
MPRegen 0.73/turn

%: random rage (3%), reflection, guardian spirit
@: studying 4 skills, very slow
A: fangs 1, strong nose, distributed training, iridescent scales 1, berserk 1,
clever 1, clumsy 1, frail 1, screaming 1, shaggy fur 1, inability to drink after
injury 1, inability to read after injury 1, devolution 1
0: Orb of Zot
}: 3/15 runes: decaying, silver, gossamer
a: Renounce Religion, Evoke Blink, Bend Time, Temporal Distortion, Slouch, Step
From Time


You escaped.
You worshipped Cheibriados.
Cheibriados was extremely pleased with you.
You visited 10 branches of the dungeon, and saw 50 of its levels.
You visited 1 ziggurat, and saw 18 of its levels.
You also visited: Ice Cave and Volcano.

You collected 13999 gold pieces.
You spent 4782 gold pieces at shops.

Inventory:

Hand Weapons
 a - a +9 spectral demon blade
 b - a +9 antimagic demon whip
 k - a +2 vampiric demon whip
 C - the +18 lance "Wyrmbane" (weapon) {slay drac, rPois rF+ rC+ AC+3}
   (You found it on level 3 of the Crypt)

   AC:        It affects your AC (+3).
   rF:        It protects you from fire.
   rC:        It protects you from cold.
   rPois:     It protects you from poison.
Missiles
 h - a throwing net
Armour
 n - a +2 pair of gloves of dexterity (worn)
 z - the +4 moon troll leather armour (worn) {Spirit, Regen++ MP+5}
   (You found it on level 5 of the Vaults)

   MP:        It affects your magic capacity (+5).
   Regen:     It increases your rate of health regeneration.
 B - the +1 pair of boots of Going Fast (worn) {+Blink SInv}
   (You found it on level 4 of the Lair of Beasts)

   SInv:      It lets you see invisible.
   +Blink:    It lets you blink.
 M - a +1 buckler of reflection (worn)
 S - a +2 cloak of cold resistance (worn)
 X - a +2 helmet of intelligence
Jewellery
 m - the ring "Subuxos" {rC++ Int+6}
   (You found it on level 13 of a ziggurat)

   [ring of intelligence]

   Int:       It affects your intelligence (+6).
   rC:        It greatly protects you from cold.
 u - the ring of Leadaffo {+Blink rN+ AC+4 Str+7}
   (You found it on level 16 of a ziggurat)

   [ring of protection]

   AC:        It affects your AC (+4).
   Str:       It affects your strength (+7).
   rN:        It protects you from negative energy.
   +Blink:    It lets you blink.
 H - the ring "Haobbech" {rCorr Int+6 Dex+2}
   (You found it on level 3 of the Depths)

   [ring of intelligence]

   Int:       It affects your intelligence (+6).
   Dex:       It affects your dexterity (+2).
   rCorr:     It protects you from acid and corrosion.
 K - a ring of flight
 T - an amulet of magic regeneration (around neck)
 U - the ring "Zush" (right hand) {+Blink rC+ Will+ Int+6 Slay+3}
   (You bought it in a shop on level 2 of the Elven Halls)

   [ring of intelligence]

   Int:       It affects your intelligence (+6).
   Slay:      It affects your accuracy & damage with ranged weapons and melee
   (+3).
   rC:        It protects you from cold.
   +Blink:    It lets you blink.
   Will:      It increases your willpower.
 W - the ring "Kiusese" {Contam rC+ rCorr Dex-2 SInv}
   (You found it on level 2 of the Orcish Mines)

   [ring of protection from cold]

   Dex:       It affects your dexterity (-2).
   rC:        It protects you from cold.
   SInv:      It lets you see invisible.
   Contam:    It causes magical contamination when unequipped.
   rCorr:     It protects you from acid and corrosion.
 Z - the ring "Ureat" (left hand) {rC++ rCorr Str+6 Int+3 Slay+3}
   (You took it off a deep elf death mage on level 3 of the Elven Halls)

   [ring of strength]

   Str:       It affects your strength (+6).
   Int:       It affects your intelligence (+3).
   Slay:      It affects your accuracy & damage with ranged weapons and melee
   (+3).
   rC:        It greatly protects you from cold.
   rCorr:     It protects you from acid and corrosion.
Wands
 e - a wand of iceblast (62)
 q - a wand of digging (9)
 D - a wand of paralysis (78)
 F - a wand of flame (181)
 J - a wand of mindburst (34)
 V - a wand of acid (34)
Scrolls
 c - 7 scrolls of torment
 f - 28 scrolls of teleportation
 i - 5 scrolls of vulnerability
 l - 4 scrolls of amnesia
 s - a scroll of summoning
 t - 34 scrolls of identify
 y - 3 scrolls of blinking
 A - 6 scrolls of silence
 E - a scroll of enchant armour
 I - 13 scrolls of immolation
 N - 11 scrolls of magic mapping
 Q - 4 scrolls of brand weapon
 R - 7 scrolls of fog
 Y - 6 scrolls of poison
Potions
 d - 6 potions of cancellation
 g - 30 potions of curing
 j - 8 potions of ambrosia
 o - 16 potions of attraction
 p - 7 potions of flight
 v - 7 potions of magic
 w - 9 potions of lignification
 x - 7 potions of invisibility
 G - 3 potions of brilliance
 O - 11 potions of heal wounds
Miscellaneous
 P - a tin of tremorstones (2/2)


   Skills:
 + Level 20.9 Fighting
 + Level 21.6 Short Blades
 + Level 22.1 Long Blades
 + Level 20.5 Axes
 + Level 20.5 Maces & Flails
 + Level 20.5 Polearms
 + Level 20.5 Staves
 + Level 20.5 Ranged Weapons
 + Level 20.5 Throwing
 + Level 21.0 Armour
 + Level 20.9 Dodging
 + Level 25.0 Stealth
 + Level 20.5 Shields
 + Level 20.5 Unarmed Combat
 + Level 21.0 Spellcasting
 + Level 18.2 Conjurations
 + Level 17.5 Hexes
 + Level 17.5 Summonings
 + Level 17.5 Necromancy
 + Level 17.5 Translocations
 + Level 17.5 Transmutations
 + Level 17.5 Fire Magic
 + Level 17.5 Ice Magic
 + Level 17.5 Air Magic
 + Level 17.5 Earth Magic
 + Level 17.5 Poison Magic
 + Level 22.1 Invocations
 + Level 20.5 Evocations


You had 32 spell levels left.
You knew the following spells:

 Your Spells              Type           Power      Damage    Failure   Level
a - Borgnjor's Vile Clut  Necr/Erth      60%        N/A       0%          5
b - Blink                 Tloc           100%       N/A       0%          2
c - Inner Flame           Hex/Fire       100%       N/A       0%          3
d - Passwall              Tmut/Erth      100%       N/A       0%          2
e - Passage of Golubria   Tloc           100%       N/A       0%          4
f - Ignition              Fire           60%        3d16      1%          8
g - Apportation           Tloc           100%       N/A       0%          1
h - Irradiate             Conj/Tmut      60%        3d31      0%          5
i - Statue Form           Tmut/Erth      80%        N/A       1%          6

Your spell library contained the following spells:

 Spells                   Type           Power      Damage    Failure   Level
 Foxfire                  Conj/Fire      100%       2x1d9     0%          1
 Kiss of Death            Conj/Necr      100%       2d13      0%          1
 Necrotise                Necr           100%       1d9       0%          1
 Shock                    Conj/Air       100%       1d9       0%          1
 Sting                    Tmut/Pois      100%       1d8       0%          1
 Summon Small Mammal      Summ           100%       N/A       0%          1
 Cigotuvi's Dreadful Rot  Necr/Pois/Air  100%       N/A       0%          2
 Lesser Beckoning         Tloc           100%       N/A       0%          2
 Momentum Strike          Conj/Tloc      100%       3d10      0%          2
 Sublimation of Blood     Necr           100%       N/A       0%          2
 Call Canine Familiar     Summ           100%       N/A       0%          3
 Dazzling Flash           Conj/Hex       100%       N/A       0%          3
 Frozen Ramparts          Ice            100%       1d16      0%          3
 Gell's Gravitas          Tloc           100%       N/A       0%          3
 Hailstorm                Conj/Ice       100%       3d20      0%          3
 Ignite Poison            Fire/Tmut/Pois 100%       N/A       0%          3
 Ozocubu's Armour         Ice            100%       N/A       0%          3
 Portal Projectile        Hex/Tloc       100%       N/A       0%          3
 Spider Form              Tmut/Pois      100%       N/A       0%          3
 Stone Arrow              Conj/Erth      100%       3d13      0%          3
 Summon Guardian Golem    Hex/Summ       100%       N/A       0%          3
 Swiftness                Air            100%       N/A       0%          3
 Teleport Other           Tloc           100%       N/A       0%          3
 Tukima's Dance           Hex            100%       N/A       0%          3
 Vhi's Electric Charge    Tloc/Air       100%       N/A       0%          3
 Volatile Blastmotes      Fire/Tloc      100%       2d18      0%          3
 Airstrike                Air            60%        2d(9-25)  0%          4
 Anguish                  Hex/Necr       60%        N/A       0%          4
 Animate Armour           Summ/Erth      100%       N/A       0%          4
 Animate Dead             Necr           100%       N/A       0%          4
 Cause Fear               Hex            60%        N/A       0%          4
 Dispel Undead            Necr           100%       3d31      0%          4
 Flame Wave               Conj/Fire      100%       2d21      0%          4
 Fulminant Prism          Conj/Hex       60%        3d26      0%          4
 Ice Form                 Ice/Tmut       100%       N/A       0%          4
 Iskenderun's Mystic Bla  Conj/Tloc      100%       2d19      0%          4
 Leda's Liquefaction      Hex/Erth       60%        N/A       0%          4
 Manifold Assault         Tloc           100%       N/A       0%          4
 Olgreb's Toxic Radiance  Pois           100%       N/A       0%          4
 Petrify                  Tmut/Erth      100%       N/A       0%          4
 Sticky Flame             Conj/Fire      100%       2d11      0%          4
 Summon Lightning Spire   Summ/Air       100%       N/A       0%          4
 Alistair's Intoxication  Tmut/Pois      80%        N/A       0%          5
 Arcjolt                  Conj/Air       60%        1d70      0%          5
 Blade Hands              Tmut           60%        N/A       0%          5
 Fireball                 Conj/Fire      60%        3d23      0%          5
 Freezing Cloud           Conj/Ice/Air   60%        6-21      0%          5
 Iskenderun's Battlesphe  Conj           100%       2d15      0%          5
 Lee's Rapid Deconstruct  Erth           60%        3d28*     0%          5
 Metabolic Englaciation   Hex/Ice        60%        N/A       0%          5
 Silence                  Hex/Air        60%        N/A       0%          5
 Summon Mana Viper        Hex/Summ       100%       N/A       0%          5
 Yara's Violent Unravell  Hex/Tmut       60%        3d23      0%          5
 Conjure Ball Lightning   Conj/Air       60%        3x3d22    1%          6
 Death Channel            Necr           60%        N/A       1%          6
 Dispersal                Tloc           60%        N/A       1%          6
 Eringya's Noxious Bog    Tmut/Pois      60%        N/A       1%          6
 Iron Shot                Conj/Erth      60%        9d11      1%          6
 Plasma Beam              Fire/Air       60%        2x1d83    1%          6
 Simulacrum               Ice/Necr       60%        N/A       1%          6
 Starburst                Conj/Fire      60%        6d16      1%          6
 Summon Cactus Giant      Summ           60%        N/A       1%          6
 Enfeeble                 Hex            60%        N/A       1%          7
 Haunt                    Necr/Summ      60%        N/A       1%          7
 Malign Gateway           Summ/Tloc      60%        N/A       1%          7
 Orb of Destruction       Conj           60%        9d15      1%          7
 Ozocubu's Refrigeration  Ice            60%        4d20      1%          7
 Spellforged Servitor     Conj/Summ      60%        N/A       1%          7
 Storm Form               Tmut/Air       60%        N/A       1%          7
 Discord                  Hex            60%        N/A       1%          8
 Disjunction              Tloc           60%        N/A       1%          8
 Lehudib's Crystal Spear  Conj/Erth      60%        10d14     1%          8
 Maxwell's Capacitive Co  Air            60%        ∞         1%          8
 Necromutation            Tmut/Necr      60%        N/A       1%          8
 Summon Horrible Things   Summ           60%        N/A       1%          8
 Dragon's Call            Summ           60%        N/A       30%         9


Dungeon Overview and Level Annotations

Branches:
Dungeon (15/15)            Temple (0/1) D:5            Lair (5/5) D:9
  Swamp (4/4) Lair:2       Spider (4/4) Lair:3        Slime (0/5) Lair:5
    Orc (2/2) D:9             Elf (3/3) Orc:2        Vaults (5/5) D:13
  Crypt (3/3) Vaults:2       Tomb (0/3) Crypt:3      Depths (4/4) D:15
    Zot (5/5) Depths:4      IceCv (visited)         Volcano (visited)

Altars:
Ashenzari
Cheibriados
Dithmenos
Elyvilon
Fedhas
Gozag
Kikubaaqudgha
Sif Muna
Xom
Yredelemnul
Jiyva

Shops:
D:7 ([:[   D:14 *   Orc:2 *?[*=   Elf:2 =   Elf:3 =   Vaults:2 [   Vaults:5 (
Depths:1 **

Portals:
Hell: Depths:1 Depths:2 Depths:3 Depths:4
Abyss: Depths:1 Depths:3
Pandemonium: Depths:2

Annotations:
D:3 3 runed translucent doors, BlasphemerAmon's ghost, amateur OgGl; Crazy Yiuf
D:11 1 transporter
D:12 exclusion: orange crystal statue
Elf:2 5 runed translucent doors


Innate Abilities, Weirdness & Mutations

You have very sharp teeth.
Your uncanny sense of smell can sniff out nearby items.
Your experience applies equally to all skills.
You are partially covered in iridescent scales. (AC +2)
You sometimes lose your temper in combat.
Your mind is acute. (Int +4, Str/Dex -1)
You are clumsy. (Dex -2)
You are frail. (-10% HP)
You occasionally shout uncontrollably at your foes.
You are covered in fur. (AC +1)
You occasionally lose the ability to drink potions when taking damage.
You occasionally lose the ability to read scrolls when taking damage.
You have hidden genetic defects.


Message History

Confirm with . or Enter, or press ? or * to list all spells.
Aiming: Passwall (safe; 0% risk of failure)
Press: ? - help, Dir - move target A rock wall.
This square is covered in magical glow.
You begin to meditate on the wall.
You continue meditating on the rock. x2
Magic restored.
You continue meditating on the rock.
You finish merging with the rock.
You see here a +0 mace of protection.
Casting: Passwall (safe; 0% risk of failure)
Confirm with . or Enter, or press ? or * to list all spells.
Aiming: Passwall (safe; 0% risk of failure)
Press: ? - help, Dir - move target A rock wall.
This square is covered in magical glow.
You begin to meditate on the wall.
You continue meditating on the rock. x3
You finish merging with the rock.
There is a stone staircase leading up here.
You climb upwards.
There is a stone staircase leading down here.
Casting: Passwall (safe; 0% risk of failure)
Confirm with . or Enter, or press ? or * to list all spells.
Aiming: Passwall (safe; 0% risk of failure)
Press: ? - help, Dir - move target A rock wall.
This square is covered in magical glow.
You begin to meditate on the wall.
You continue meditating on the rock. x2
Magic restored.
You continue meditating on the rock. x2
You finish merging with the rock.
You can't see any enemies this would affect, really read the scroll of poison?
Okay, then.
Blink to where?
Press: ? - help, Dir - move target
As you read the scroll of blinking, it crumbles to dust.
You can't see any enemies this would affect, really read the scroll of poison?
The air fills with toxic fumes!
As you read the scroll of poison, it crumbles to dust.
You have escaped!

....#.......# #...##.# #
.>..#####.##########...##.# #
...>...)...........'...##.#######
....##........######...##........
.....#.......)# #...#####....#
.....#........# ##'####......'
###.......######## #...##......#
###....##.######8######..#......#
.......#####§§§§@§§§§###........#
####...###§§§§§§§§§§§§§##.......#
.......##§§§§§§§§§§§§§§§###'#####
###..###.§§§§§§§§§§§§§§§.##.#####
#..###.§§§§§§####§§§§§.##.....#
#..##..§§§§### ###§.§..###..X.
#..##.§§§§## ##§§..# ###..
#..##.§§§## ##§§.# #.# #..##§§§§#
#...## #.#


There were no monsters in sight!

Vanquished Creatures
  A dread lich (Vaults:5)
  3 ancient liches
  15 orbs of fire
  Mara (Swamp:3)
  A royal mummy (Crypt:3)
  A juggernaut (Depths:2)
  Boris (twice) (Depths:4 Vaults:1)
  4 Killer Klowns
  Frederick (Depths:3)
  Saint Roka (Orc:2)
  Parghit (Zot:2)
  3 curse toes
  6 caustic shrikes
  2 pandemonium lords
  5 golden dragons
  Nikola (Swamp:3)
  A profane servitor (Zig:18)
  Arachne (Spider:4)
  3 bone dragons
  4 electric golems
  2 hellephants (Zig:16)
  8 Hell Sentinels
  The ghost of Yzemonill the Covert, an adept HuVM of Kikubaaqudgha (Elf:1)
  A Tzitzimitl (Zig:8)
  3 walking crystal tomes
  6 liches
  24 Orb Guardians (Zot:5)
  24 tentacled monstrosities
  2 deep elf blademasters (Elf:3)
  5 quicksilver dragons
  A walking earthen tome (Zot:2)
  A walking divine tome (Depths:3)
  A walking frostbound tome (Depths:3)
  Asterion (Elf:1)
  2 deep elf master archers (Elf:3)
  13 titans
  A shadow dragon (shapeshifter) (Zig:14)
  3 acid blobs (Zig:10)
  Kirke (Swamp:3)
  10 ancient champions
  5 death cobs
  13 shadow dragons
  Roxanne (Swamp:3)
  7 tengu reavers
  A thorn hunter (Swamp:4)
  5 sphinxes
  A rockslime (Zig:10)
  9 fire giants
  A revenant (Crypt:3)
  26 storm dragons
  7 draconian knights
  5 draconian monks
  An azure jelly (shapeshifter) (Zig:14)
  2 narguns (Zot:2)
  A nagaraja (Zig:13)
  10 quicksilver elementals
  A fenstrider witch (shapeshifter) (Zig:14)
  7 deep elf sorcerers
  15 vault wardens
  16 frost giants
  Louise (Spider:4)
  12 draconian scorchers
  3 iron dragons
  An azure jelly (Zig:10)
  A balrug (Zig:8)
  An orc warlord (Vaults:4)
  Aizul (Swamp:2)
  7 ghost moths
  4 deep elf elementalists
  6 emperor scorpions
  7 draconian shifters
  15 ironbound preservers
  3 curse skulls
  4 draconian stormcallers
  3 demonspawn blood saints (Zig:13)
  The ghost of Rizigad the Stormcaller, a journeyman TeAE of Vehumet (Spider:3)
  A reaper (Depths:2)
  21 very ugly things
  10 draconian annihilators
  13 ghouls
  2 quicksilver oozes (Zig:10)
  15 stone giants
  5 war gargoyles
  6 broodmothers
  5 ironbound thunderhulks
  4 eleionomae
  9 vampire knights
  14 green draconians
  13 dire elephants
  2 deep elf demonologists (Elf:3)
  7 yellow draconians
  Azrael (Spider:3)
  13 black draconians
  18 deep elf annihilators
  2 demonspawn black suns (Zig:8)
  An eleionoma (shapeshifter) (Zig:14)
  14 spark wasps
  11 red draconians
  13 purple draconians
  9 white draconians
  6 bunyips
  9 deep elf death magi
  6 eidola
  3 crystal guardians
  Snorg (Lair:3)
  A quicksilver dragon zombie (Crypt:1)
  6 ettins
  10 jiangshi
  10 fire dragons
  A mummy priest (Crypt:3)
  6 deep elf high priests
  11 great orbs of eyes
  The ghost of Irudwodgh the Devastator, a journeyman DsCj of Gozag (Lair:4)
  7 entropy weavers
  10 yaktaur captains
  5 rakshasas
  An elf zombie (Crypt:1)
  4 peacekeepers
  2 ghost crabs
  4 ogre magi
  14 ice dragons
  32 vault guards
  An anaconda (shapeshifter) (D:15)
  23 hydras
  2 spriggan air magi
  2 salamander tyrants (Zig:7)
  A hell beast (Zig:8)
  A jorogumo (Spider:3)
  2 radroaches
  21 centaur warriors
  An anaconda (Zig:7)
  4 alligators
  14 ironbound frosthearts
  2 catoblepae
  7 death yaks
  A satyr (shapeshifter) (Zig:14)
  3 death knights
  9 two-headed ogres
  An alligator snapping turtle (shapeshifter) (Zig:5)
  2 bennu zombies
  The ghost of halvedace the Zephyrmancer, a journeyman DrAE (Orc:2)
  9 deep troll earth magi
  8 boulder beetles
  An alligator (shapeshifter) (Zig:14)
  9 vampire magi
  6 deep troll shamans
  3 tengu warriors
  29 dancing weapons
  3 shock serpents
  5 orc high priests
  11 hell knights
  3 spriggan berserkers
  A shock serpent (shapeshifter) (Depths:1)
  A thrashing horror (Zig:18)
  2 sun demons
  A titan skeleton (Depths:2)
  4 soul eaters
  A spectral death yak (Lair:5)
  10 crystal echidnas
  Amaemon (D:10)
  3 iron trolls
  6 pharaoh ants
  A shadow wraith (Zig:4)
  2 sun moths
  A salamander mystic (Zig:13)
  23 deep elf knights
  2 skysharks
  A spectral anaconda (Lair:5)
  25 skeletal warriors
  4 goliath frogs
  10 spriggans
  A storm dragon skeleton (Depths:2)
  A spatial maelstrom (Zig:18)
  7 spriggan druids
  Lodul (D:11)
  An orb spider (shapeshifter) (Vaults:5)
  8 flayed ghosts
  14 swamp dragons
  5 glowing orange brains
  3 death drakes (Zig:15)
  6 phantasmal warriors
  A naga ritualist (Zig:7)
  3 starcursed masses (Zig:18)
  56 deep trolls
  10 orb spiders
  10 wizards
  2 orange crystal statues
  An obsidian statue (Lair:5)
  2 spriggan simulacra
  22 ironbound convokers
  7 bog bodies
  A lindwurm (shapeshifter) (Elf:2)
  23 deep elf archers
  4 steelbarb worms
  An anaconda skeleton (Crypt:2)
  5 orc sorcerers (Orc:2)
  A stone giant zombie (Crypt:3)
  39 deep elf pyromancers
  A mana viper (shapeshifter) (Zig:6)
  8 lindwurms
  4 orc knights (Orc:2)
  20 necromancers
  A wolf spider zombie (Crypt:1)
  28 deep elf zephyrmancers
  A fire giant zombie (Depths:1)
  A frost giant zombie (Crypt:2)
  A manticore (shapeshifter) (Zig:5)
  5 cyclopes
  36 ugly things
  4 manticores
  18 vault sentinels
  27 elephants
  20 wolf spiders
  A rust devil (Zig:8)
  A titan simulacrum (Crypt:1)
  Maurice (D:11)
  An eye of devastation (Zig:10)
  A will-o-the-wisp (Swamp:4)
  7 black mambas
  An apocalypse crab (Zig:14)
  An orange demon (D:10)
  A guardian serpent (Zig:7)
  24 moths of wrath
  10 demonic crawlers
  A smoke demon (Zig:18)
  A naga mage (Zig:7)
  A cane toad (shapeshifter) (Elf:3)
  14 cane toads
  5 torpor snails
  A centaur skeleton (Crypt:3)
  2 gargoyles
  24 yaktaurs
  4 hellions
  A rime drake (shapeshifter) (Zig:14)
  A black draconian zombie (Crypt:1)
  An unseen horror (D:12)
  4 tormentors
  21 rime drakes
  8 freezing wraiths
  A spark wasp simulacrum (Depths:2)
  2 tengu conjurers
  11 guardian mummies
  A golden dragon simulacrum (Depths:1)
  12 komodo dragons
  An ice devil (Zig:8)
  3 meliai (Spider:4)
  9 trolls
  9 polar bears
  An ancient zyme (Zig:18)
  A hydra zombie (Crypt:2)
  A meliai (shapeshifter) (Elf:2)
  A queen bee (shapeshifter) (Elf:3)
  12 hornets
  A shadow dragon simulacrum (Depths:2)
  7 tyrant leeches
  A mana viper skeleton (Crypt:2)
  A black draconian skeleton (Crypt:3)
  A raiju (Zig:11)
  34 tarantellas
  20 blink frogs
  2 wind drakes (Zig:15)
  41 slime creatures
  A satyr zombie (Crypt:1)
  An iron dragon simulacrum (Crypt:3)
  3 dream sheep (Zig:16)
  A tarantella zombie (Crypt:3)
  3 air elementals
  2 jumping spiders (shapeshifter)
  32 jumping spiders
  Sigmund (D:2)
  A flying skull (Zig:18)
  2 spriggan skeletons
  An ettin zombie (Crypt:1)
  19 culicivoras
  A shadow (D:10)
  2 spriggans (shapeshifter)
  5 vampires (Crypt:3)
  A ynoxinul (Zig:8)
  2 water elementals (Depths:4)
  10 wraiths
  8 wyverns
  56 yaks
  18 humans (D:13)
  12 fire elementals
  3 hogs (Swamp:3)
  4 fire bats (Lair:5)
  6 basilisks
  60 redbacks
  10 vampire mosquitoes
  14 wargs
  A steam dragon (D:9)
  4 death yak simulacra
  2 chaos spawn (Zig:14)
  2 neqoxecs
  A redback (shapeshifter) (Elf:3)
  A swamp worm (shapeshifter) (Zig:14)
  19 swamp worms
  Edmund (D:6)
  A spatial vortex (Zig:18)
  2 glowing shapeshifter zombies
  3 acid dragons
  A fire bat skeleton (Crypt:1)
  4 nagas (Zig:7)
  14 water moccasins
  14 hell hounds
  A tengu skeleton (Depths:1)
  8 swamp drakes
  An ettin simulacrum (Crypt:1)
  32 orc warriors
  36 wolves
  4 black bears
  18 ogres
  A black mamba simulacrum (Lair:4)
  16 centaurs
  2 elephant skeletons (Lair:5)
  5 kobold brigands
  2 phantoms
  7 necrophages
  4 earth elementals
  9 bullfrogs
  5 scorpions
  4 cane toad simulacra
  5 wights (D:7)
  An elephant simulacrum (Lair:5)
  A queen bee zombie (Crypt:2)
  A troll skeleton (Crypt:3)
  A torpor snail simulacrum (Lair:4)
  7 electric eels
  5 howler monkeys
  A basilisk zombie (Crypt:3)
  2 jellies (D:5)
  24 orc priests
  6 hounds
  A human zombie (Crypt:1)
  A jelly (shapeshifter) (D:15)
  A sleepcap (D:6)
  A black bear zombie (Crypt:2)
  A basilisk skeleton (Crypt:1)
  2 iguanas (D:5)
  Ijyb (D:3)
  A boggart zombie (Crypt:3)
  5 human skeletons (Crypt:1)
  Natasha (thrice) (D:3)
  28 orc wizards
  2 hell rats (Lair:4)
  4 mummies (Crypt:1)
  Robin (D:2)
  10 adders
  6 river rats (Lair:4)
  A swamp drake skeleton (Crypt:2)
  A white imp (D:4)
  5 worms
  2 dart slugs
  97 orcs
  9 endoplasms
  3 giant cockroaches
  13 goblins
  11 hobgoblins
  3 jackals (D:1)
  4 quokkas
  7 ball pythons
  A bat (D:3)
  5 frilled lizards
  29 kobolds
  A kobold zombie (Crypt:2)
  An orc zombie (Crypt:3)
  12 rats
  A river rat skeleton (Crypt:2)
2567 creatures vanquished.

Vanquished Creatures (collateral kills)
  A deep elf knight (Elf:2)
  A deep elf archer (Elf:2)
  An orc knight (D:15)
  A deep elf zephyrmancer (Elf:2)
  2 orcs (Orc:2)
6 creatures vanquished.

Vanquished Creatures (others)
  A pandemonium lord (Zig:14)
  A draconian scorcher (Zig:9)
  2 alligators (Swamp:4)
  A deep elf knight (Elf:1)
  A deep elf zephyrmancer (Elf:2)
  A wolf spider (Spider:4)
  A moth of wrath (Zot:5)
  4 bloated husks
  2 dancing weapons
  A wyvern (Zig:15)
  A hog (Swamp:3)
  An orc (Orc:1)
  2 foxfires (Swamp:4)
  41 spectral weapons
  6 starspawn tentacles (Zig:18)
66 creatures vanquished.

Grand Total: 2639 creatures vanquished

Notes
Turn   | Place    | Note
-------+----------+-------------------------------------------
     0 | D:1      | frimble the Gnoll Reaver began the quest for the Orb.
     0 | D:1      | Reached XP level 1. HP: 20/20 MP: 6/6
   211 | D:1      | Reached XP level 2. HP: 16/26 MP: 7/7
   395 | D:1      | Reached skill level 5 in Spellcasting
   395 | D:1      | Reached XP level 3. HP: 22/31 MP: 7/9
   530 | D:1      | You fall into a shaft and drop 1 floor!
   547 | D:2      | Found a basalt altar of Yredelemnul.
   630 | D:2      | Reached skill level 1 in Invocations
   942 | D:1      | Reached skill level 1 in Short Blades
   942 | D:1      | Reached skill level 1 in Axes
   942 | D:1      | Reached skill level 1 in Maces & Flails
   942 | D:1      | Reached skill level 1 in Polearms
   942 | D:1      | Reached skill level 1 in Staves
   942 | D:1      | Reached skill level 1 in Ranged Weapons
   942 | D:1      | Reached skill level 1 in Throwing
   942 | D:1      | Reached skill level 1 in Armour
   942 | D:1      | Reached skill level 1 in Stealth
   942 | D:1      | Reached skill level 1 in Shields
   942 | D:1      | Reached skill level 1 in Unarmed Combat
   942 | D:1      | Reached skill level 1 in Evocations
  1180 | D:2      | Noticed Robin
  1288 | D:1      | Reached XP level 4. HP: 35/38 MP: 11/11
  1313 | D:2      | Killed Robin
  1528 | D:2      | Reached skill level 1 in Hexes
  1528 | D:2      | Reached skill level 1 in Summonings
  1528 | D:2      | Reached skill level 1 in Necromancy
  1528 | D:2      | Reached skill level 1 in Translocations
  1528 | D:2      | Reached skill level 1 in Transmutations
  1528 | D:2      | Reached skill level 1 in Fire Magic
  1528 | D:2      | Reached skill level 1 in Ice Magic
  1528 | D:2      | Reached skill level 1 in Air Magic
  1528 | D:2      | Reached skill level 1 in Earth Magic
  1528 | D:2      | Reached skill level 1 in Poison Magic
  1916 | D:2      | Noticed Sigmund
  2004 | D:3      | Learned a level 3 spell: Hailstorm
  2017 | D:3      | Reached XP level 5. HP: 35/43 MP: 6/12
  2418 | D:3      | Noticed Natasha
  2496 | D:2      | Reached XP level 6. HP: 41/47 MP: 13/13
  2522 | D:2      | Killed Sigmund
  2523 | D:2      | Reached skill level 5 in Fighting
  2523 | D:2      | Reached skill level 5 in Dodging
  2523 | D:2      | Reached skill level 2 in Stealth
  2898 | D:3      | Killed Natasha
  2926 | D:3      | Noticed Natasha
  2930 | D:3      | Killed Natasha
  2931 | D:3      | Reached XP level 7. HP: 48/49 MP: 13/15
  2996 | D:3      | Noticed Ijyb
  3009 | D:3      | Killed Ijyb
  3144 | D:3      | Found a large runed translucent door.
  3145 | D:3      | Found a large runed translucent door.
  3148 | D:3      | Noticed BlasphemerAmon's ghost (amateur OgGl)
  3334 | D:3      | Found a runed translucent door.
  3335 | D:3      | Noticed Crazy Yiuf
  4203 | D:4      | Reached skill level 3 in Stealth
  4203 | D:4      | Reached XP level 8. HP: 40/56 MP: 16/16
  4444 | D:5      | Entered Level 5 of the Dungeon
  4825 | D:5      | Learned a level 3 spell: Inner Flame
  4958 | D:5      | Found a staircase to the Ecumenical Temple.
  5011 | D:5      | Found a snail-covered altar of Cheibriados.
  5014 | D:5      | Found a shadowy altar of Dithmenos.
  5031 | D:5      | Became a worshipper of Cheibriados the Contemplative
  5509 | D:6      | Noticed Edmund
  5514 | D:6      | Killed Edmund
  5515 | D:6      | Reached XP level 9. HP: 69/69 MP: 18/18
  5610 | D:6      | Learned a level 3 spell: Tukima's Dance
  5668 | D:6      | Reached skill level 4 in Stealth
  6291 | D:6      | Learned a level 4 spell: Sticky Flame
  6509 | D:7      | Found Tekiff's Antique Armour Emporium.
  6710 | D:7      | Reached * piety under Cheibriados
  6736 | D:7      | Reached skill level 5 in Invocations
  6825 | D:7      | Found Gosaaxid's Book Emporium.
  6927 | D:7      | Found Ygharhio's Antique Armour Shop.
  6939 | D:7      | Bought a pair of runed boots for 172 gold pieces
  7002 | D:7      | Found Vischut's Weapon Shop.
  7378 | D:7      | Reached ** piety under Cheibriados
  7423 | D:7      | Found the +7 staff of the Meek {protect, meekguard}
  8001 | D:8      | Reached skill level 5 in Short Blades
  8001 | D:8      | Reached skill level 5 in Axes
  8001 | D:8      | Reached skill level 5 in Maces & Flails
  8001 | D:8      | Reached skill level 5 in Polearms
  8001 | D:8      | Reached skill level 5 in Staves
  8001 | D:8      | Reached skill level 5 in Ranged Weapons
  8001 | D:8      | Reached skill level 5 in Throwing
  8001 | D:8      | Reached skill level 5 in Armour
  8001 | D:8      | Reached skill level 5 in Stealth
  8001 | D:8      | Reached skill level 5 in Shields
  8001 | D:8      | Reached skill level 5 in Unarmed Combat
  8001 | D:8      | Reached skill level 5 in Evocations
  8001 | D:8      | Reached XP level 10. HP: 77/77 MP: 20/20
  8577 | D:9      | Found a staircase to the Orcish Mines.
  8633 | D:9      | Reached *** piety under Cheibriados
  8793 | D:9      | Reached **** piety under Cheibriados
  8799 | D:9      | Noticed a two-headed ogre
  8808 | D:9      | Killed a two-headed ogre
  8828 | D:9      | Reached skill level 6 in Stealth
  8907 | D:9      | Reached skill level 5 in Hexes
  8907 | D:9      | Reached skill level 5 in Summonings
  8907 | D:9      | Reached skill level 5 in Necromancy
  8907 | D:9      | Reached skill level 5 in Translocations
  8907 | D:9      | Reached skill level 5 in Transmutations
  8907 | D:9      | Reached skill level 5 in Fire Magic
  8907 | D:9      | Reached skill level 5 in Ice Magic
  8907 | D:9      | Reached skill level 5 in Air Magic
  8907 | D:9      | Reached skill level 5 in Earth Magic
  8907 | D:9      | Reached skill level 5 in Poison Magic
  8925 | D:9      | Reached XP level 11. HP: 82/85 MP: 22/22
  9028 | D:9      | Identified the +11 rapier of Fabulous Defiance {pain, rElec
                  | rF+}
  9206 | D:9      | Found a staircase to the Lair.
  9321 | D:10     | Entered Level 10 of the Dungeon
  9386 | D:10     | Noticed a two-headed ogre
  9394 | D:10     | Killed a two-headed ogre
  9394 | D:10     | Reached ***** piety under Cheibriados
  9475 | D:10     | Identified a scroll of acquirement
  9476 | D:10     | Acquired 915 gold pieces
  9538 | D:10     | Noticed Amaemon
  9550 | D:10     | Killed Amaemon
  9793 | D:10     | Noticed a centaur warrior
  9803 | D:10     | Killed a centaur warrior
  9876 | D:10     | Learned a level 5 spell: Borgnjor's Vile Clutch
  9876 | D:10     | Acquired 995 gold pieces
 10108 | D:10     | Learned a level 8 spell: Ignition
 10155 | D:11     | Noticed Lodul
 10155 | D:11     | Noticed Maurice
 10212 | D:11     | Noticed a manticore
 10220 | D:11     | Killed a manticore
 10281 | D:11     | Killed Maurice
 10282 | D:11     | Reached skill level 7 in Stealth
 10430 | D:11     | Found a transporter.
 10525 | D:11     | Killed Lodul
 10526 | D:11     | Reached XP level 12. HP: 69/94 MP: 24/24
 10685 | D:11     | Noticed a boulder beetle
 10693 | D:11     | Killed a boulder beetle
 11371 | D:12     | Reached skill level 10 in Long Blades
 11477 | D:12     | Noticed a two-headed ogre
 11477 | D:12     | Noticed a two-headed ogre
 12307 | D:13     | Noticed a centaur warrior
 12314 | D:13     | Killed a centaur warrior
 12375 | D:13     | Noticed a centaur warrior
 12380 | D:13     | Killed a centaur warrior
 12380 | D:13     | Reached ****** piety under Cheibriados
 12410 | D:13     | Noticed a centaur warrior
 12423 | D:13     | Killed a centaur warrior
 12424 | D:13     | Reached skill level 8 in Stealth
 12460 | D:13     | Noticed a centaur warrior
 12467 | D:13     | Killed a centaur warrior
 12468 | D:13     | Reached XP level 13. HP: 25/101 MP: 22/26
 12680 | D:13     | Noticed a vault guard
 12688 | D:13     | Killed a vault guard
 12688 | D:13     | Noticed a vault guard
 12695 | D:13     | Killed a vault guard
 12746 | D:13     | Reached skill level 10 in Spellcasting
 12756 | D:13     | Noticed a vault guard
 12768 | D:13     | Killed a vault guard
 13163 | D:13     | Reached skill level 10 in Fighting
 13163 | D:13     | Reached skill level 10 in Dodging
 13386 | D:13     | Found a gate to the Vaults.
 13543 | D:14     | Found Xuorucs's General Store.
 13555 | D:14     | Bought a tin of tremorstones (2/2) for 480 gold pieces
 13635 | D:14     | Found a frozen archway.
 13639 | IceCv    | Entered an ice cave
 13653 | IceCv    | Reached skill level 9 in Stealth
 13667 | IceCv    | Noticed an ice dragon
 13676 | IceCv    | Killed an ice dragon
 13676 | IceCv    | Noticed an ice dragon
 13722 | IceCv    | Killed an ice dragon
 13723 | IceCv    | Reached skill level 10 in Invocations
 13723 | IceCv    | Reached XP level 14. HP: 86/110 MP: 20/28
 13842 | IceCv    | Noticed a white draconian
 13858 | IceCv    | Killed a white draconian
 14389 | IceCv    | Noticed a frost giant
 14389 | IceCv    | Noticed a frost giant
 14391 | IceCv    | Killed a frost giant
 14392 | IceCv    | Killed a frost giant
 15279 | D:15     | Entered Level 15 of the Dungeon
 15379 | D:15     | Reached skill level 10 in Conjurations
 15448 | D:15     | Reached skill level 10 in Short Blades
 15448 | D:15     | Reached skill level 10 in Axes
 15448 | D:15     | Reached skill level 10 in Maces & Flails
 15448 | D:15     | Reached skill level 10 in Polearms
 15448 | D:15     | Reached skill level 10 in Staves
 15448 | D:15     | Reached skill level 10 in Ranged Weapons
 15448 | D:15     | Reached skill level 10 in Throwing
 15448 | D:15     | Reached skill level 10 in Armour
 15448 | D:15     | Reached skill level 10 in Stealth
 15448 | D:15     | Reached skill level 10 in Shields
 15448 | D:15     | Reached skill level 10 in Unarmed Combat
 15448 | D:15     | Reached skill level 10 in Evocations
 15593 | D:15     | Reached XP level 15. HP: 65/118 MP: 21/30
 15810 | D:15     | Found a staircase to the Depths.
 16337 | D:15     | Found a broken altar of Ashenzari.
 16667 | D:7      | Bought a +1 antimagic demon whip for 780 gold pieces
 16729 | Orc:1    | Entered Level 1 of the Orcish Mines
 16974 | Orc:2    | Entered Level 2 of the Orcish Mines
 16974 | Orc:2    | Found Loiwoorrodgh's Specific Store.
 16974 | Orc:2    | Found Feiprujo's General Store.
 16983 | Orc:2    | Bought a scroll of acquirement for 728 gold pieces
 16987 | Orc:2    | Bought a scroll of magic mapping for 105 gold pieces
 17049 | Orc:2    | Noticed Saint Roka
 17090 | Orc:2    | Killed Saint Roka
 17476 | Orc:2    | Found a transporter.
 17476 | Orc:2    | Found a staircase to the Elven Halls.
 17480 | Orc:2    | Noticed halvedace's ghost (journeyman DrAE)
 17597 | Orc:2    | Found Koleopt's Jewellery Shop.
 17766 | Orc:2    | Found Siclien's General Store.
 17771 | Orc:2    | Found Tomeoni's Magic Scroll Shoppe.
 17778 | Orc:2    | Bought a scroll of teleportation for 51 gold pieces
 17778 | Orc:2    | Bought a scroll of teleportation for 51 gold pieces
 17778 | Orc:2    | Found Butosam's Antique Armour Shoppe.
 17786 | Orc:2    | Bought a pitted cloak for 228 gold pieces
 17786 | Orc:2    | Identified the +1 cloak "Zoyjal" {Str+2} (You bought it in
                  | a shop on level 2 of the Orcish Mines)
 18004 | Orc:2    | Found a transporter.
 18176 | Lair:1   | Entered Level 1 of the Lair of Beasts
 18987 | Lair:2   | Reached XP level 16. HP: 100/127 MP: 17/32
 19094 | Lair:2   | Reached skill level 11 in Stealth
 19333 | Lair:2   | Found a staircase to the Swamp.
 19768 | Lair:3   | Learned a level 1 spell: Apportation
 19895 | Lair:3   | Noticed Snorg
 19914 | Lair:3   | Killed Snorg
 20043 | Lair:3   | Found a hole to the Spider Nest.
 20571 | Lair:4   | Identified the +1 pair of boots of Going Fast {+Blink SInv}
 20754 | Lair:4   | Found a dark tunnel.
 20764 | Volcano  | Entered a volcano
 20984 | Lair:4   | Acquired 1100 gold pieces
 21026 | Lair:4   | Noticed Irudwodgh's ghost (journeyman DsCj)
 21295 | Lair:4   | Found a runed translucent gate.
 21295 | Lair:4   | Found a runed translucent gate.
 21295 | Lair:4   | Found a runed translucent gate.
 21357 | Lair:4   | Killed Irudwodgh's ghost
 21410 | Lair:4   | Got the ring "Dem Hen" {Fire rN+ Int+2}
 21412 | Lair:4   | Identified the +1 pair of gloves of Resonance {Rampage
                  | rElec}
 21776 | Lair:5   | Entered Level 5 of the Lair of Beasts
 22106 | Lair:5   | Found a viscous altar of Jiyva.
 22106 | Lair:5   | Found a staircase to the Slime Pits.
 22372 | Lair:5   | Reached XP level 17. HP: 135/135 MP: 21/33
 22843 | Lair:5   | Reached skill level 10 in Hexes
 22843 | Lair:5   | Reached skill level 10 in Summonings
 22843 | Lair:5   | Reached skill level 10 in Necromancy
 22843 | Lair:5   | Reached skill level 10 in Translocations
 22843 | Lair:5   | Reached skill level 10 in Transmutations
 22843 | Lair:5   | Reached skill level 10 in Fire Magic
 22843 | Lair:5   | Reached skill level 10 in Ice Magic
 22843 | Lair:5   | Reached skill level 10 in Air Magic
 22843 | Lair:5   | Reached skill level 10 in Earth Magic
 22843 | Lair:5   | Reached skill level 10 in Poison Magic
 22986 | Lair:5   | Identified the staff of death "Ateokiet" {Fragile rF+ rN+
                  | Int+2 Dex+7}
 23416 | Orc:2    | Killed halvedace's ghost
 23438 | Orc:2    | Identified the ring "Kiusese" {Contam rC+ rCorr Dex-2 SInv}
 23564 | Orc:1    | Found a shimmering altar of Xom.
 23764 | Elf:1    | Entered Level 1 of the Elven Halls
 23806 | Elf:1    | Reached skill level 12 in Stealth
 24084 | Elf:1    | Noticed Asterion
 24088 | Elf:1    | Noticed an Executioner
 24107 | Elf:1    | Killed Asterion
 24496 | Elf:1    | Found a runed translucent door.
 24496 | Elf:1    | Noticed Yzemonill's ghost (adept HuVM)
 24900 | Elf:1    | Found a shimmering blue altar of Sif Muna.
 25518 | Elf:1    | Killed Yzemonill's ghost
 25675 | Elf:2    | Identified the +2 ring mail of the Furies {+Blink}
 25685 | Elf:2    | Reached XP level 18. HP: 94/143 MP: 3/35
 25870 | Elf:2    | Found Filuu's Jewellery Boutique.
 26059 | Elf:2    | Identified the +10 plate armour of the Heron {rF- Str+8
                  | Dex-4 SInv}
 26298 | Elf:2    | Bought the ring "Zush" {+Blink rC+ Will+ Int+6 Slay+3} for
                  | 1203 gold pieces
 26422 | Elf:2    | Found a huge runed translucent gate.
 26422 | Elf:2    | Found a huge runed translucent gate.
 26423 | Elf:2    | Found a huge runed translucent gate.
 26423 | Elf:2    | Found a huge runed translucent gate.
 26424 | Elf:2    | Found a huge runed translucent gate.
 26497 | Elf:3    | Entered Level 3 of the Elven Halls
 26540 | Elf:3    | Found Kyrhifew's Jewellery Shoppe.
 27536 | Elf:3    | Reached skill level 13 in Stealth
 27734 | Elf:3    | Noticed a deep elf blademaster
 27734 | Elf:3    | Noticed a deep elf blademaster
 27738 | Elf:3    | Killed a deep elf blademaster
 27740 | Elf:3    | Killed a deep elf blademaster
 27936 | Elf:3    | Identified the staff of earth "Iqolur" {Drain rElec Int+2
                  | Dex+5}
 27944 | Elf:3    | Noticed a deep elf master archer
 27944 | Elf:3    | Identified the amulet of Guguuc {Faith rC+}
 27948 | Elf:3    | Reached XP level 19. HP: 125/151 MP: 29/37
 27974 | Elf:3    | Noticed a Hell Sentinel
 28134 | Elf:3    | Identified the ring "Ureat" {rC++ rCorr Str+6 Int+3 Slay+3}
 28435 | Elf:3    | Identified the staff of air "Udeukhi" {rElec Int+3}
 28445 | Elf:3    | Got Sif Muna's Almanac of the Congregated Mountains
 28448 | Elf:3    | Identified the staff of fire "Vuiroed" {rF+ rCorr MP+9}
 28463 | Elf:3    | Identified the +0 whip of Nemelex Xobeh's Fury {antimagic,
                  | *Corrode Int+3}
 28502 | Elf:3    | Identified the +1 ring mail of Inference {-Tele +Inv rElec}
 28822 | Spider:1 | Entered Level 1 of the Spider Nest
 29066 | Elf:3    | Bought the ring "Emoynoj" {rElec rPois rN+ Str-2 Stlth+}
                  | for 478 gold pieces
 29860 | Spider:1 | Identified the +1 spear "Taruat" {flame, rF+ rCorr Str+3
                  | Int-2}
 30357 | Spider:2 | Reached skill level 15 in Long Blades
 31245 | Spider:3 | Found a runed translucent gate.
 31246 | Spider:3 | Found a runed translucent gate.
 31246 | Spider:3 | Noticed Rizigad's ghost (journeyman TeAE)
 31247 | Spider:3 | Found a runed translucent gate.
 31480 | Spider:3 | Noticed Azrael
 31500 | Spider:3 | Reached skill level 15 in Invocations
 31505 | Spider:3 | Killed Azrael
 31859 | Spider:3 | Killed Rizigad's ghost
 31889 | Spider:3 | Got Sif Muna's Teachings on Reshaped Accompaniment
 31901 | Spider:4 | Entered Level 4 of the Spider Nest
 32096 | Spider:4 | Reached XP level 20. HP: 160/160 MP: 28/38
 32325 | Spider:4 | Reached skill level 14 in Stealth
 32526 | Spider:4 | Noticed Arachne
 32537 | Spider:4 | Killed Arachne
 32664 | Spider:4 | Noticed Louise
 32689 | Spider:4 | Killed Louise
 33128 | Spider:4 | Got a gossamer rune of Zot
 33164 | Spider:4 | Reached skill level 15 in Spellcasting
 33547 | Swamp:1  | Entered Level 1 of the Swamp
 33753 | Swamp:1  | Identified the +1 robe of Impermeability {rPois Will+}
 34316 | Swamp:2  | Reached skill level 15 in Fighting
 34316 | Swamp:2  | Reached skill level 15 in Dodging
 34383 | Swamp:2  | Noticed Aizul
 34398 | Swamp:2  | Killed Aizul
 34665 | Swamp:3  | Noticed Roxanne
 34665 | Swamp:3  | Noticed Nikola
 34686 | Swamp:3  | Killed Nikola
 34706 | Swamp:3  | Acquired 1077 gold pieces
 34730 | Swamp:3  | Killed Roxanne
 34876 | Swamp:3  | Learned a level 5 spell: Irradiate
 34883 | Swamp:3  | Learned a level 6 spell: Statue Form
 34901 | Swamp:3  | Noticed Mara
 34909 | Swamp:3  | Noticed frimble's illusion
 34927 | Swamp:4  | Entered Level 4 of the Swamp
 35073 | Swamp:3  | Killed Mara
 35074 | Swamp:3  | Reached skill level 15 in Stealth
 35139 | Swamp:3  | Identified the +0 plate armour "Zucs" {Harm}
 35190 | Swamp:3  | Noticed Kirke
 35204 | Swamp:3  | Killed Kirke
 35788 | Swamp:4  | Reached XP level 21. HP: 163/168 MP: 40/40
 35921 | Swamp:4  | Got a decaying rune of Zot
 36481 | Depths:1 | Entered Level 1 of the Depths
 36499 | Depths:1 | Found Nearu's Assorted Antiques.
 36588 | Depths:1 | Bought a potion of attraction for 87 gold pieces
 36588 | Depths:1 | Bought a potion of mutation for 232 gold pieces
 36612 | Depths:1 | Found an opulent altar of Gozag.
 36612 | Depths:1 | Found Gozag's Platinum Reserve.
 36732 | Depths:1 | Found a one-way gate to the infinite horrors of the Abyss.
 37133 | Depths:1 | Found a gateway to Hell.
 37496 | Depths:2 | Reached skill level 16 in Stealth
 37526 | Depths:2 | Noticed a juggernaut
 37536 | Depths:2 | Killed a juggernaut
 37537 | Depths:2 | Reached skill level 15 in Short Blades
 37537 | Depths:2 | Reached skill level 15 in Axes
 37537 | Depths:2 | Reached skill level 15 in Maces & Flails
 37537 | Depths:2 | Reached skill level 15 in Polearms
 37537 | Depths:2 | Reached skill level 15 in Staves
 37537 | Depths:2 | Reached skill level 15 in Ranged Weapons
 37537 | Depths:2 | Reached skill level 15 in Throwing
 37537 | Depths:2 | Reached skill level 15 in Armour
 37537 | Depths:2 | Reached skill level 15 in Shields
 37537 | Depths:2 | Reached skill level 15 in Unarmed Combat
 37537 | Depths:2 | Reached skill level 15 in Evocations
 37745 | Depths:2 | Found a one-way gate leading to the halls of Pandemonium.
 38799 | Depths:3 | Noticed Frederick
 38821 | Depths:3 | Killed Frederick
 38822 | Depths:3 | Reached XP level 22. HP: 173/177 MP: 37/42
 39189 | Depths:3 | Found a one-way gateway to a ziggurat.
 39472 | Depths:3 | Got Sif Muna's Elucidation of the Rattlesnake
 39473 | Depths:3 | Identified the ring "Haobbech" {rCorr Int+6 Dex+2}
 39682 | Depths:4 | Entered Level 4 of the Depths
 39691 | Depths:4 | Noticed a caustic shrike
 39691 | Depths:4 | Noticed a caustic shrike
 39691 | Depths:4 | Noticed a caustic shrike
 39699 | Depths:4 | Killed a caustic shrike
 39702 | Depths:4 | Killed a caustic shrike
 39704 | Depths:4 | Killed a caustic shrike
 39943 | Depths:4 | Reached skill level 17 in Stealth
 40047 | Depths:4 | Paralysed by a vampire knight for 2 turns
 40086 | Depths:4 | Noticed Boris
 40096 | Depths:4 | Killed Boris
 40102 | Depths:4 | Found a shadowy altar of Dithmenos.
 40338 | Depths:4 | Identified the scarf of Idealism {harm, -Cast +Blink rPois
                  | Str+3}
 40592 | Depths:4 | Found a gate to the Realm of Zot.
 41041 | Depths:4 | Found a white marble altar of Elyvilon.
 41386 | Vaults:1 | Entered Level 1 of the Vaults
 41433 | Vaults:1 | Noticed Boris
 41444 | Vaults:1 | Killed Boris
 41982 | Vaults:1 | Reached XP level 23. HP: 160/185 MP: 43/43
 42648 | Vaults:2 | Found Miz Nym's Antique Armour Emporium.
 42685 | Vaults:2 | Found a staircase to the Crypt.
 42800 | Vaults:2 | Reached skill level 18 in Stealth
 44602 | Vaults:3 | Reached skill level 15 in Conjurations
 44962 | Vaults:4 | Reached XP level 24. HP: 148/186 MP: 44/44
 45391 | Vaults:4 | Reached skill level 19 in Stealth
 46050 | Vaults:2 | Bought a glowing helmet for 187 gold pieces
 46147 | Vaults:5 | Entered Level 5 of the Vaults
 46418 | Vaults:5 | Noticed a dread lich
 46429 | Vaults:5 | Killed a dread lich
 46670 | Vaults:5 | Found the +12 glaive of Prune {freeze, Prune}
 46670 | Vaults:5 | Found the +4 moon troll leather armour {Spirit, Regen++
                  | MP+5}
 46850 | Vaults:5 | Got a silver rune of Zot
 46854 | Vaults:5 | Identified the +6 scale mail "Loguuvej" {+Blink rPois rF-
                  | Int+2}
 46965 | Vaults:5 | Identified the +6 quick blade of Bedeb {vamp, rPois rC+
                  | Str-2 Stlth+}
 47089 | Vaults:5 | Noticed an ancient lich
 47098 | Vaults:5 | Killed an ancient lich
 47108 | Vaults:5 | Reached XP level 25. HP: 203/203 MP: 14/44
 47116 | Vaults:5 | Reached skill level 20 in Stealth
 47120 | Vaults:5 | Identified the +5 demon blade of the Golden God {drain, rC+
                  | rCorr Dex+4}
 47121 | Vaults:5 | Noticed an ancient lich
 47260 | Vaults:5 | Killed an ancient lich
 47347 | Vaults:5 | Found Aloner's Antique Weapon Shoppe.
 47350 | Vaults:5 | Identified the +1 pair of gloves of Darkness {rC+}
 47354 | Vaults:5 | Identified the +6 fire dragon scales "Hyokhloxt" {rF++ rC-
                  | Will+ Str+2 Int+2 Slay+2}
 47359 | Vaults:5 | Identified the +5 hand axe "Toluren" {freeze, Will+ Str+2
                  | SInv}
 47457 | Vaults:5 | Found the +9 staff of Olgreb {rPois∞}
 47832 | Vaults:5 | Got the Textbook on Sidekicks
 47859 | Vaults:5 | Identified the staff of fire "Teutsyd" {rElec rF+ rC+ Str+4
                  | Int-4}
 48146 | Crypt:1  | Entered Level 1 of the Crypt
 48505 | Crypt:1  | Identified the +1 ring mail of Bamaomen {rCorr}
 49567 | Crypt:2  | Reached skill level 15 in Hexes
 49567 | Crypt:2  | Reached skill level 15 in Summonings
 49567 | Crypt:2  | Reached skill level 15 in Necromancy
 49567 | Crypt:2  | Reached skill level 15 in Translocations
 49567 | Crypt:2  | Reached skill level 15 in Transmutations
 49567 | Crypt:2  | Reached skill level 15 in Fire Magic
 49567 | Crypt:2  | Reached skill level 15 in Ice Magic
 49567 | Crypt:2  | Reached skill level 15 in Air Magic
 49567 | Crypt:2  | Reached skill level 15 in Earth Magic
 49567 | Crypt:2  | Reached skill level 15 in Poison Magic
 49990 | Crypt:3  | Entered Level 3 of the Crypt
 50279 | Crypt:3  | Identified the ring of Durrezid {rCorr AC+4 Slay+3 Stlth-}
 50288 | Crypt:3  | Noticed a royal mummy
 50303 | Crypt:3  | Killed a royal mummy
 50472 | Crypt:3  | Found a basalt altar of Yredelemnul.
 50474 | Crypt:3  | Found an ancient bone altar of Kikubaaqudgha.
 50474 | Crypt:3  | Identified the +2 scale mail of Boredom {SInv}
 50495 | Crypt:3  | Found the +8 lance "Wyrmbane" {slay drac, rPois rF+ rC+
                  | AC+3}
 50529 | Crypt:3  | Got the Parchment of Sepulchral Congelation
 50572 | Crypt:3  | Identified the staff of poison "Dufirem" {rPois rC+ MP-9
                  | Int+2 Stlth+}
 50846 | Crypt:3  | Found a staircase to the Tomb.
 51496 | Zot:1    | Entered Level 1 of the Realm of Zot
 51521 | Zot:1    | Noticed an orb of fire
 51524 | Zot:1    | Noticed an orb of fire
 51524 | Zot:1    | Noticed an orb of fire
 51525 | Zot:1    | Gained mutation: Your magical capacity is low. (-10% MP)
                  | [an orb of fire]
 51619 | Zot:1    | Gained mutation: You are weak. (Str -2) [an orb of fire]
 51633 | Zot:1    | Killed an orb of fire
 51634 | Zot:1    | Reached skill level 21 in Stealth
 51864 | Zot:1    | Reached XP level 26. HP: 210/213 MP: 40/40
 52278 | Zot:1    | Gained mutation: You are partially covered in iridescent
                  | scales. (AC +2) [an orb of fire]
 52282 | Zot:1    | Gained mutation: You have hidden genetic defects. [an orb
                  | of fire]
 52292 | Zot:1    | Killed an orb of fire
 52398 | Zot:1    | Killed an orb of fire
 52468 | Zot:1    | Identified the +2 chain mail of Instinct {rF+ Int+4 Slay+2}
 52865 | Zot:1    | Lost mutation: Your magical capacity is low. (-10% MP)
                  | [potion of mutation]
 52865 | Zot:1    | Lost mutation: You are partially covered in iridescent
                  | scales. (AC +2) [potion of mutation]
 52865 | Zot:1    | Lost mutation: You are weak. (Str -2) [potion of mutation]
 52865 | Zot:1    | Gained mutation: Your flesh is cold resistant. (rC+)
                  | [potion of mutation]
 53033 | Zot:2    | Noticed an orb of fire
 53063 | Zot:2    | Gained mutation: You are agile. (Dex +4, Str/Int -1) [an
                  | orb of fire]
 53070 | Zot:2    | Gained mutation: You have terrible hidden genetic defects.
                  | [an orb of fire]
 53073 | Zot:2    | Killed an orb of fire
 53253 | Zot:2    | Identified the +4 double sword of Nihyqaiw {venom, rC++
                  | rCorr Int-2}
 53272 | Zot:2    | Gained mutation: Armour fits poorly on your strangely
                  | shaped body. [hidden defects]
 53524 | Zot:2    | Noticed Parghit
 53533 | Zot:2    | Killed Parghit
 53962 | Zot:2    | Acquired 707 gold pieces
 54074 | Zot:3    | Acquired 859 gold pieces
 54112 | Zot:3    | Found a blossoming altar of Fedhas.
 54470 | Zot:3    | Identified the ring "Ruifac" {Wiz rN++}
 54815 | Zot:3    | Gained mutation: Your magical capacity is low. (-10% MP)
                  | [hidden defects]
 54815 | Zot:3    | Lost mutation: You have terrible hidden genetic defects.
                  | [hidden defects expressed]
 55494 | Zot:4    | Reached skill level 22 in Stealth
 55783 | Zot:4    | Reached XP level 27. HP: 180/221 MP: 39/41
 55840 | Zot:4    | Gained mutation: You sometimes lose your temper in combat.
                  | [hidden defects]
 56006 | Zot:4    | Lost mutation: Armour fits poorly on your strangely shaped
                  | body. [potion of mutation]
 56006 | Zot:4    | Lost mutation: Your flesh is cold resistant. (rC+) [potion
                  | of mutation]
 56006 | Zot:4    | Gained mutation: You expend magic power (3 MP) to
                  | strengthen your wands. [potion of mutation]
 56006 | Zot:4    | Gained mutation: Your muscles are strong. (Str +4, Int/Dex
                  | -1) [potion of mutation]
 56007 | Zot:4    | Lost mutation: You are agile. (Dex +4, Str/Int -1) [potion
                  | of mutation]
 56007 | Zot:4    | Lost mutation: You expend magic power (3 MP) to strengthen
                  | your wands. [potion of mutation]
 56007 | Zot:4    | Lost mutation: Your magical capacity is low. (-10% MP)
                  | [potion of mutation]
 56007 | Zot:4    | Lost mutation: You have hidden genetic defects. [potion of
                  | mutation]
 56007 | Zot:4    | Gained mutation: You are partially covered in iridescent
                  | scales. (AC +2) [potion of mutation]
 56007 | Zot:4    | Gained mutation: You have sharp fingernails. [potion of
                  | mutation]
 56008 | Zot:4    | Lost mutation: You are partially covered in iridescent
                  | scales. (AC +2) [potion of mutation]
 56008 | Zot:4    | Lost mutation: You have sharp fingernails. [potion of
                  | mutation]
 56008 | Zot:4    | Lost mutation: You sometimes lose your temper in combat.
                  | [potion of mutation]
 56008 | Zot:4    | Gained mutation: Your flesh is cold resistant. (rC+)
                  | [potion of mutation]
 56008 | Zot:4    | Gained mutation: You are agile. (Dex +4, Str/Int -1)
                  | [potion of mutation]
 56507 | Zot:5    | Entered Level 5 of the Realm of Zot
 57134 | Zot:5    | Noticed an ancient lich
 57146 | Zot:5    | Noticed an orb of fire
 57149 | Zot:5    | Noticed an orb of fire
 57150 | Zot:5    | Killed an ancient lich
 57150 | Zot:5    | Gained mutation: Your magical capacity is low. (-10% MP)
                  | [an orb of fire]
 57157 | Zot:5    | Noticed an orb of fire
 57378 | Zig:1    | Entered Level 1 of a ziggurat
 57414 | Zig:2    | Entered Level 2 of a ziggurat
 57414 | Zig:2    | Noticed an orb of fire
 57415 | Zig:2    | Gained mutation: You are frail. (-10% HP) [an orb of fire]
 57416 | Zig:2    | Gained mutation: Your body sometimes deteriorates upon
                  | taking damage. [an orb of fire]
 57416 | Zig:2    | Gained mutation: A frigid envelope surrounds you and
                  | freezes all who hurt you. [an orb of fire]
 57433 | Zig:2    | Killed an orb of fire
 57458 | Zig:2    | Lost mutation: Your flesh is cold resistant. (rC+) [potion
                  | of mutation]
 57458 | Zig:2    | Lost mutation: Your magical capacity is low. (-10% MP)
                  | [potion of mutation]
 57458 | Zig:2    | Lost mutation: You are agile. (Dex +4, Str/Int -1) [potion
                  | of mutation]
 57458 | Zig:2    | Gained mutation: You occasionally shout uncontrollably at
                  | your foes. [potion of mutation]
 57458 | Zig:2    | Gained mutation: You have a pair of small horns on your
                  | head. [potion of mutation]
 57458 | Zig:2    | Lost mutation: You are frail. (-10% HP) [potion of
                  | mutation]
 57484 | Zig:3    | Entered Level 3 of a ziggurat
 57501 | Zig:3    | Identified the +3 leather armour of Gucote {*Corrode Regen+
                  | Stlth+}
 57507 | Zig:4    | Entered Level 4 of a ziggurat
 57525 | Zig:5    | Entered Level 5 of a ziggurat
 57555 | Zig:5    | Identified the +7 scale mail "Zylimagg" {rF++ Dex+2}
 57613 | Zig:6    | Entered Level 6 of a ziggurat
 57617 | Zig:6    | Found the brooch of Shielding {Spirit SH+8}
 57687 | Zig:7    | Entered Level 7 of a ziggurat
 57717 | Zig:7    | Identified the +1 long sword "Tuamavept" {heavy, Str+3}
 57727 | Zig:8    | Entered Level 8 of a ziggurat
 57732 | Zig:8    | Noticed Jugid the pandemonium lord
 57751 | Zig:8    | Killed Jugid the pandemonium lord
 57758 | Zig:8    | Identified the +9 arbalest of Tyica {penet, Str+6}
 57764 | Zig:8    | Identified the +9 falchion of Cataclysm {flame, +Blink
                  | rElec}
 57796 | Zig:9    | Entered Level 9 of a ziggurat
 57803 | Zig:9    | Reached skill level 23 in Stealth
 57875 | Zig:9    | Got Qasy's Verses on Adjuration and Abominable Words
 57883 | Zig:9    | Got the Handbook of Geology and the Missiles
 57892 | Zig:9    | Learned a level 2 spell: Blink
 57895 | Zig:9    | Learned a level 2 spell: Passwall
 57902 | Zig:9    | Learned a level 4 spell: Passage of Golubria
 57903 | Zig:10   | Entered Level 10 of a ziggurat
 57937 | Zig:10   | Identified the ring "Fozukk" {rElec rC+ Str+2 Int+6}
 57951 | Zig:11   | Entered Level 11 of a ziggurat
 57960 | Zig:11   | Paralysed by an air elemental for 1 turns
 57980 | Zig:11   | Got the Meditations on Fulgent Putrescence
 58064 | Zig:12   | Entered Level 12 of a ziggurat
 58131 | Zig:12   | Identified the +6 short sword of Risk Management {freeze,
                  | rF- Int+4}
 58142 | Zig:13   | Entered Level 13 of a ziggurat
 58182 | Zig:13   | Identified the ring "Subuxos" {rC++ Int+6}
 58194 | Zig:13   | Identified the +3 ring mail "Wyuluv" {rPois Int+2}
 58198 | Zig:14   | Entered Level 14 of a ziggurat
 58202 | Zig:14   | Noticed Wowourus the pandemonium lord
 58206 | Zig:14   | Noticed Yweafa the pandemonium lord
 58215 | Zig:14   | Killed Wowourus the pandemonium lord
 58219 | Zig:14   | Killed Yweafa the pandemonium lord
 58261 | Zig:14   | Got the Thoughts on the Blink Frog and Changes
 58274 | Zig:14   | Identified the amulet of Leari {Acrobat Rampage rElec Dex-4
                  | Stlth+}
 58306 | Zig:14   | Lost mutation: Your body sometimes deteriorates upon taking
                  | damage. [potion of mutation]
 58306 | Zig:14   | Lost mutation: You have a pair of small horns on your head.
                  | [potion of mutation]
 58306 | Zig:14   | Lost mutation: Your muscles are strong. (Str +4, Int/Dex
                  | -1) [potion of mutation]
 58306 | Zig:14   | Gained mutation: You possess an exceptional clarity of
                  | mind. [potion of mutation]
 58306 | Zig:14   | Gained mutation: You are occasionally teleported next to
                  | monsters. [potion of mutation]
 58306 | Zig:14   | Gained mutation: Your magical capacity is low. (-10% MP)
                  | [potion of mutation]
 58306 | Zig:14   | Gained mutation: Your muscles are strong. (Str +4, Int/Dex
                  | -1) [potion of mutation]
 58307 | Zig:14   | Lost mutation: Your magical capacity is low. (-10% MP)
                  | [potion of mutation]
 58307 | Zig:14   | Lost mutation: Your muscles are strong. (Str +4, Int/Dex
                  | -1) [potion of mutation]
 58307 | Zig:14   | Gained mutation: You are frail. (-10% HP) [potion of
                  | mutation]
 58307 | Zig:14   | Gained mutation: You passively map a small area around you.
                  | [potion of mutation]
 58307 | Zig:14   | Gained mutation: You are partially covered in iridescent
                  | scales. (AC +2) [potion of mutation]
 58308 | Zig:14   | Lost mutation: You occasionally shout uncontrollably at
                  | your foes. [potion of mutation]
 58308 | Zig:14   | Lost mutation: You are partially covered in iridescent
                  | scales. (AC +2) [potion of mutation]
 58308 | Zig:14   | Gained mutation: Your body sometimes deteriorates upon
                  | taking damage. [potion of mutation]
 58308 | Zig:14   | Gained mutation: Potions are less effective at restoring
                  | your health. [potion of mutation]
 58309 | Zig:14   | Lost mutation: You are frail. (-10% HP) [potion of
                  | mutation]
 58309 | Zig:14   | Lost mutation: You possess an exceptional clarity of mind.
                  | [potion of mutation]
 58309 | Zig:14   | Lost mutation: You passively map a small area around you.
                  | [potion of mutation]
 58309 | Zig:14   | Gained mutation: You are partially covered in iridescent
                  | scales. (AC +2) [potion of mutation]
 58309 | Zig:14   | Gained mutation: Your movements are slightly less
                  | encumbered by armour. (ER -2) [potion of mutation]
 58309 | Zig:14   | Gained mutation: Your spells are a little harder to cast,
                  | but a little more powerful. [potion of mutation]
 58310 | Zig:14   | Lost mutation: Your spells are a little harder to cast, but
                  | a little more powerful. [potion of mutation]
 58310 | Zig:14   | Lost mutation: You are partially covered in iridescent
                  | scales. (AC +2) [potion of mutation]
 58310 | Zig:14   | Lost mutation: You are occasionally teleported next to
                  | monsters. [potion of mutation]
 58310 | Zig:14   | Gained mutation: You occasionally lose the ability to drink
                  | potions when taking damage. [potion of mutation]
 58311 | Zig:14   | Lost mutation: A frigid envelope surrounds you and freezes
                  | all who hurt you. [potion of mutation]
 58311 | Zig:14   | Lost mutation: Your movements are slightly less encumbered
                  | by armour. (ER -2) [potion of mutation]
 58311 | Zig:14   | Gained mutation: You are weak. (Str -2) [potion of
                  | mutation]
 58311 | Zig:14   | Gained mutation: You are dopey. (Int -2) [potion of
                  | mutation]
 58312 | Zig:14   | Lost mutation: Your body sometimes deteriorates upon taking
                  | damage. [potion of mutation]
 58312 | Zig:14   | Lost mutation: You occasionally lose the ability to drink
                  | potions when taking damage. [potion of mutation]
 58312 | Zig:14   | Lost mutation: You are weak. (Str -2) [potion of mutation]
 58312 | Zig:14   | Gained mutation: You occasionally lose the ability to read
                  | scrolls when taking damage. [potion of mutation]
 58312 | Zig:14   | Gained mutation: Your spells are a little harder to cast,
                  | but a little more powerful. [potion of mutation]
 58313 | Zig:14   | Lost mutation: Your spells are a little harder to cast, but
                  | a little more powerful. [potion of mutation]
 58313 | Zig:14   | Lost mutation: You are dopey. (Int -2) [potion of mutation]
 58313 | Zig:14   | Gained mutation: You expend magic power (3 MP) to
                  | strengthen your wands. [potion of mutation]
 58313 | Zig:14   | Gained mutation: Your flesh is heat resistant. (rF+)
                  | [potion of mutation]
 58314 | Zig:14   | Lost mutation: You occasionally lose the ability to read
                  | scrolls when taking damage. [potion of mutation]
 58314 | Zig:14   | Lost mutation: Your flesh is heat resistant. (rF+) [potion
                  | of mutation]
 58314 | Zig:14   | Gained mutation: Potions cannot restore your health.
                  | [potion of mutation]
 58314 | Zig:14   | Gained mutation: You are robust. (+10% HP) [potion of
                  | mutation]
 58314 | Zig:14   | Gained mutation: You are partially covered in iridescent
                  | scales. (AC +2) [potion of mutation]
 58331 | Zig:15   | Entered Level 15 of a ziggurat
 58359 | Zig:15   | Reached skill level 24 in Stealth
 58436 | Zig:15   | Identified the +1 long sword of Moijeuch {heavy, rPois}
 58438 | Zig:15   | Got the Reference Book on Remoulded Detritus
 58450 | Zig:16   | Entered Level 16 of a ziggurat
 58501 | Zig:16   | Identified the ring of Leadaffo {+Blink rN+ AC+4 Str+7}
 58514 | Zig:16   | Identified the staff of death "Tomysch" {*Corrode rF+++ rN+
                  | Int+3}
 58522 | Zig:17   | Entered Level 17 of a ziggurat
 58550 | Zig:17   | Gained mutation: Your body sometimes deteriorates upon
                  | taking damage. [mutagenic glow]
 58552 | Zig:18   | Entered Level 18 of a ziggurat
 59123 | Zot:5    | Gained mutation: You have hidden genetic defects. [an orb
                  | of fire]
 59132 | Zot:5    | Killed an orb of fire
 59205 | Zot:5    | Noticed an orb of fire
 59225 | Zot:5    | Killed an orb of fire
 59253 | Zot:5    | Noticed an orb of fire
 59262 | Zot:5    | Killed an orb of fire
 59271 | Zot:5    | Killed an orb of fire
 59276 | Zot:5    | Lost mutation: You expend magic power (3 MP) to strengthen
                  | your wands. [potion of mutation]
 59276 | Zot:5    | Lost mutation: You have hidden genetic defects. [potion of
                  | mutation]
 59276 | Zot:5    | Gained mutation: Your muscles are strong. (Str +4, Int/Dex
                  | -1) [potion of mutation]
 59276 | Zot:5    | Lost mutation: Potions cannot restore your health. [potion
                  | of mutation]
 59276 | Zot:5    | Gained mutation: You have sharp fingernails. [potion of
                  | mutation]
 59277 | Zot:5    | Lost mutation: You have sharp fingernails. [potion of
                  | mutation]
 59277 | Zot:5    | Lost mutation: Your muscles are strong. (Str +4, Int/Dex
                  | -1) [potion of mutation]
 59277 | Zot:5    | Lost mutation: You are robust. (+10% HP) [potion of
                  | mutation]
 59277 | Zot:5    | Gained mutation: Your movements are slightly less
                  | encumbered by armour. (ER -2) [potion of mutation]
 59277 | Zot:5    | Gained mutation: Your system is resistant to poisons.
                  | (rPois) [potion of mutation]
 59278 | Zot:5    | Lost mutation: Potions are less effective at restoring your
                  | health. [potion of mutation]
 59278 | Zot:5    | Lost mutation: Your movements are slightly less encumbered
                  | by armour. (ER -2) [potion of mutation]
 59278 | Zot:5    | Lost mutation: Your system is resistant to poisons. (rPois)
                  | [potion of mutation]
 59278 | Zot:5    | Gained mutation: You are frail. (-10% HP) [potion of
                  | mutation]
 59278 | Zot:5    | Gained mutation: You are covered in fur. (AC +1) [potion of
                  | mutation]
 59289 | Zot:5    | Gained mutation: You occasionally shout uncontrollably at
                  | your foes. [an orb of fire]
 59290 | Zot:5    | Killed an orb of fire
 59407 | Zot:5    | Noticed an orb of fire
 59407 | Zot:5    | Noticed an orb of fire
 59408 | Zot:5    | Noticed an orb of fire
 59409 | Zot:5    | Gained mutation: Your body often deteriorates upon taking
                  | damage. [an orb of fire]
 59410 | Zot:5    | Noticed an orb of fire
 59410 | Zot:5    | Gained mutation: You occasionally lose the ability to drink
                  | potions when taking damage. [an orb of fire]
 59410 | Zot:5    | Noticed an orb of fire
 59411 | Zot:5    | Noticed an orb of fire
 59412 | Zot:5    | Gained mutation: You are clumsy. (Dex -2) [an orb of fire]
 59451 | Zot:5    | Killed an orb of fire
 59461 | Zot:5    | Gained mutation: You are very clumsy. (Dex -4) [an orb of
                  | fire]
 59466 | Zot:5    | Gained mutation: Your magical capacity is low. (-10% MP)
                  | [an orb of fire]
 59468 | Zot:5    | Killed an orb of fire
 59860 | Zot:5    | Gained mutation: You sometimes lose your temper in combat.
                  | [an orb of fire]
 59860 | Zot:5    | Gained mutation: You have hidden genetic defects. [an orb
                  | of fire]
 59867 | Zot:5    | Gained mutation: You frequently scream uncontrollably at
                  | your foes. [an orb of fire]
 59873 | Zot:5    | Killed an orb of fire
 59987 | Zot:5    | Gained mutation: You occasionally lose the ability to read
                  | scrolls when taking damage. [an orb of fire]
 59989 | Zot:5    | Killed an orb of fire
 60199 | Zot:5    | Lost mutation: You are very clumsy. (Dex -4) [an orb of
                  | fire]
 60202 | Zot:5    | Killed an orb of fire
 60222 | Zot:5    | Reached skill level 25 in Stealth
 60292 | Zot:5    | Got the Orb of Zot
 60880 | D:3      | Noticed Natasha
 60882 | D:3      | Killed Natasha
 60885 | D:3      | Lost mutation: Your body often deteriorates upon taking
                  | damage. [potion of mutation]
 60885 | D:3      | Lost mutation: Your magical capacity is low. (-10% MP)
                  | [potion of mutation]
 60885 | D:3      | Lost mutation: Your body sometimes deteriorates upon taking
                  | damage. [potion of mutation]
 60885 | D:3      | Lost mutation: You frequently scream uncontrollably at your
                  | foes. [potion of mutation]
 60885 | D:3      | Gained mutation: Your mind is acute. (Int +4, Str/Dex -1)
                  | [potion of mutation]
 60940 | D:$      | Escaped with the Orb!

Illustrated notes

Levels and vault maps discovered:
D:1:      heliophobic_arrival_dark_side_of_the_moon, layout_basic,
          minmay_hexomino_p4
D:2:      layout_loops_ring, basic_altar, uniq_sigmund, uniq_robin
D:3:      layout_loops_ring, ebering_ghost_disaster_area, uniq_natasha,
          uniq_ijyb, uniq_crazy_yiuf_cottage
D:4:      minmay_door_path, layout_basic
D:5:      layout_basic, nicolae_overflow_squiral, minmay_temple_entry_poolview
D:6:      layout_basic, uniq_edmund
D:7:      layout_basic, serial_shops, shop, nicolae_shop_overgrown_old_shop,
          nicolae_shop_temple_entry_statues_fountains, shop,
          pf_guarded_unrand_meek
D:8:      layout_loops_ring
D:9:      layout_rooms, erik_lair_island, erik_orc_4, nrook_mini_vaults,
          minmay_misc_feat_roman
D:10:     layout_roguey, serial_aquarium, aquarium_bridge_long_joined
          [aquarium_subvault_balcony, aquarium_subvault_wall,
          aquarium_subvault_balcony, aquarium_subvault_wall,
          aquarium_subvault_balcony, aquarium_subvault_bridge],
          aquarium_window_1, aquarium_window_fake, aquarium_window_fake,
          aquarium_window_1, aquarium_view_2a, uniq_amaemon
D:11:     layout_roguey, nicolae_diode_basic, uniq_lodul, uniq_maurice
D:12:     layout_roguey, minmay_misc_feat_ornament, minmay_statue_bubble
D:13:     layout_roguey, grunt_vaults_entry_tiered
D:14:     layout_irregular_city, serial_shops, nicolae_shop_tiny_statue_garden,
          serial_bayou_pond_c, portal_ice_cave_entry_pillars_2
D:15:     gammafunk_enter_depths_forms, layout_small_grid, ashenzari_altar_1
Lair:1:   layout_regular_city, lemuel_old_faithful, grunt_megastairs_2
Lair:2:   layout_big_grid, swamp_mist_pool, serial_bayou_shore_a,
          grunt_megastairs_4
Lair:3:   layout_regular_city, spider_nest_entry_webs,
          grunt_forest_large_clearings, infiniplex_staircase_pool_2, uniq_snorg
Lair:4:   layout_misc_corridors, nicolae_volcano_entry_hallway,
          gammafunk_ghost_icy, chequers_serial_rivers_marsh,
          kennysheep_abandoned_house
Lair:5:   due_jungle_book, layout_gridlike, dpeg_slime_entry_enclosed
Swamp:1:  layout_basic_swamp, nicolae_swamp_triple_paths
Swamp:2:  layout_basic_swamp, nicolae_swamp_fairy_circle, swamp_pool4,
          uniq_aizul
Swamp:3:  layout_falls_marsh, evilmike_swamp_ruin_house_5, uniq_kirke,
          uniq_mara, uniq_roxanne, uniq_nikola
Swamp:4:  swamp, layout_basic_swamp, infiniplex_staircase_pool
Spider:1: layout_spider_delve
Spider:2: layout_spider_delve, nicolae_spider_stair_cavern
Spider:3: layout_spider_delve, gammafunk_ghost_split, guppyfry_spider_mini_2,
          uniq_azrael
Spider:4: spider_rune_water, uniq_louise, uniq_arachne
Orc:1:    layout_caves, basic_altar
Orc:2:    st_orc_elflike, layout_diamond_mine,
          gammafunk_ghost_berserking_beasts, nicolae_specific_store,
          lightli_orcish_oven, uniq_saint_roka
Elf:1:    minmay_elf_arrival_circle, layout_onion_city, basic_altar,
          hellmonk_ghost_happy_afterlife, grunt_ministairs_1, uniq_asterion
Elf:2:    elven_hall_of_blades_hangedman_alternative [nicolae_blade_tridents],
          layout_geoelf_octagon, serial_shops, nicolae_shop_getting_attention,
          minmay_the_grid_square_5x5_3x3_mashed
          [minmay_the_grid_square_5x5_inset, minmay_the_grid_square_5x5_tie,
          minmay_the_grid_square_5x5_two,
          minmay_the_grid_square_5x5_checkered_statues,
          minmay_the_grid_square_5x5_megaprize_open,
          minmay_the_grid_square_5x5_shuriken, minmay_the_grid_square_5x5_six,
          minmay_the_grid_square_5x5_inner_z,
          minmay_the_grid_square_5x5_percent]
Elf:3:    elf_hall, layout_onion_city, serial_shops,
          nicolae_shop_rolling_square, evilmike_minifort
Vaults:1: nicolae_vaults_circle_grid_a, v_misc_4, dpeg_vaults_monster_row,
          nicolae_vaults_closet_pinwheel_2, vaults_room_octagon,
          nicolae_vaults_trapezoid_2, layout_vaults_omnigrid
Vaults:2: ontoclasm_vaults_claustrophobia, grunt_vaults_swirl,
          nicolae_vaults_six-pack, minmay_crypt_entry_simple_box,
          nicolae_vaults_border_crossing, ontoclasm_vaults_gateway,
          nicolae_vaults_security_offices_5, nicolae_vaults_closet_pinwheel_4,
          v_misc_11, nicolae_vaults_storage_closets_2, nicolae_vaults_house_1,
          vaults_dpeg_cross, layout_vaults_big_room, serial_shops,
          nicolae_shop_crystal
Vaults:3: vaults_mumra_hexcomb, nicolae_vaults_trapezoid_4,
          nicolae_vaults_offset_grid_hallway_2,
          nicolae_vaults_trapezoid_lopsided_4, hangedman_vaults_river_flow,
          vaults_dpeg_encased_lava, nicolae_vaults_apartment_2, v_alt_pattern_5,
          vaults_standard_mumra_x, grunt_vaults_hallway_short,
          hangedman_vaults_nails, hangedman_vaults_trim,
          layout_vaults_maze_bifur
Vaults:4: ontoclasm_vaults_ligature, st_lattice,
          nicolae_vaults_closet_pinwheel_4, nicolae_vaults_trapezoid_layered,
          v_alt_pattern_1, nicolae_vaults_network_square, vaults_room_fours,
          v_misc_23, hangedman_vaults_stream, vaults_room_large_hall,
          ontoclasm_vaults_loading_screen, layout_vaults_ring
Vaults:5: serial_shops
Crypt:1:  layout_chaotic_city, st_burial_chamber,
          grunt_crypt_arrival_guarded_gate
Crypt:2:  layout_basic
Crypt:3:  lightli_unholy_cathedral, layout_chaotic_city,
          tomb_entry_shell_bobbens
Depths:1: layout_cave_pools, corexii_corridor_pit, abyss_entry, serial_shops,
          shop_fountains, grunt_hell_entry_dis_mu,
          nicolae_gozag_zags_fifth_avenue
Depths:2: minmay_inner_zag, layout_honeycomb, hangedman_geh_valley,
          nicolae_figureground_pulse, pan_entry
Depths:3: minmay_two_paths, layout_cave_shapes, enter_ziggurat_d,
          abyss_entry_small_statue_room, hell_entry,
          hangedman_abyss_or_decor_lesser_grid, uniq_frederick
Depths:4: grunt_twist_and_shout, layout_gridlike, hell_entry,
          nicolae_elyvilon_temple_path, st_stairs_2, grunt_dithmenos_smoke,
          serial_bayou_shore_b, uniq_boris
Zot:1:    kennysheep_blocky_hall, layout_twisted_circle, lemuel_lake_of_fire
Zot:2:    layout_cathedral_of_symmetry, grunt_ministairs_6,
          nicolae_rock_paper_scissors, uniq_parghit
Zot:3:    layout_basic, basic_altar
Zot:4:    layout_concentric_octagons
Zot:5:    layout_gridlike, lemuel_flame_loot_1

Skill      XL: |  1  2  3  4  5  6  7  8  9 10 11 12 13 14 15 16 17 18 19 20 21 22 23 24 25 26 27 |
---------------+----------------------------------------------------------------------------------+-----
Spellcasting   | 5 6 7 8 9 10 11 12 13 14 15 16 17 18 19 21 | 21.0
Invocations    | 1 2 3 4 5 6 7 8 10 11 12 13 14 15 16 17 18 19 20 22 | 22.1
Short Blades   | 1 2 3 5 6 7 8 9 10 11 12 13 14 15 16 17 18 21 | 21.6
Axes           | 1 2 3 5 6 7 8 9 10 11 12 13 14 15 16 17 18 20 | 20.5
Maces & Flails | 1 2 3 5 6 7 8 9 10 11 12 13 14 15 16 17 18 20 | 20.5
Polearms       | 1 2 3 5 6 7 8 9 10 11 12 13 14 15 16 17 18 20 | 20.5
Staves         | 1 2 3 5 6 7 8 9 10 11 12 13 14 15 16 17 18 20 | 20.5
Ranged Weapons | 1 2 3 5 6 7 8 9 10 11 12 13 14 15 16 17 18 20 | 20.5
Throwing       | 1 2 3 5 6 7 8 9 10 11 12 13 14 15 16 17 18 20 | 20.5
Armour         | 1 2 3 5 6 7 8 9 10 11 12 13 14 15 16 17 18 21 | 21.0
Stealth        | 1 2 3 5 6 7 8 9 10 11 12 13 15 16 17 18 19 21 22 25 | 25.0
Shields        | 1 2 3 5 6 7 8 9 10 11 12 13 14 15 16 17 18 20 | 20.5
Unarmed Combat | 1 2 3 5 6 7 8 9 10 11 12 13 14 15 16 17 18 20 | 20.5
Evocations     | 1 2 3 5 6 7 8 9 10 11 12 13 14 15 16 17 18 20 | 20.5
Hexes          | 1 2 3 4 5 6 7 8 9 10 11 12 13 14 15 17 | 17.5
Summonings     | 1 2 3 4 5 6 7 8 9 10 11 12 13 14 15 17 | 17.5
Necromancy     | 1 2 3 4 5 6 7 8 9 10 11 12 13 14 15 17 | 17.5
Translocations | 1 2 3 4 5 6 7 8 9 10 11 12 13 14 15 17 | 17.5
Transmutations | 1 2 3 4 5 6 7 8 9 10 11 12 13 14 15 17 | 17.5
Fire Magic     | 1 2 3 4 5 6 7 8 9 10 11 12 13 14 15 17 | 17.5
Ice Magic      | 1 2 3 4 5 6 7 8 9 10 11 12 13 14 15 17 | 17.5
Air Magic      | 1 2 3 4 5 6 7 8 9 10 11 12 13 14 15 17 | 17.5
Earth Magic    | 1 2 3 4 5 6 7 8 9 10 11 12 13 14 15 17 | 17.5
Poison Magic   | 1 2 3 4 5 6 7 8 9 10 11 12 13 14 15 17 | 17.5
Fighting       | 5 6 7 8 9 10 11 12 13 14 15 16 17 18 19 20 | 20.9
Dodging        | 5 6 7 8 9 10 11 12 13 14 15 16 17 18 19 20 | 20.9
Long Blades    | 7 8 9 10 11 12 13 14 15 16 17 18 19 22 | 22.1
Conjurations   | 6 7 8 9 10 11 12 13 14 15 16 18 | 18.2

Action                     |  1- 3 |  4- 6 |  7- 9 | 10-12 | 13-15 | 16-18 | 19-21 | 22-24 | 25-27 || total
---------------------------+-------+-------+-------+-------+-------+-------+-------+-------+-------++-------
  Melee: Falchion          |   130 |   151 |   150 |       |       |       |       |       |       ||   431
         Bite              |     8 |    15 |    52 |    72 |   146 |   205 |   315 |   249 |   380 ||  1442
         Punch             |     1 |     4 |     8 |    29 |     6 |       |       |       |       ||    48
         Dagger            |       |       |   205 |       |       |       |       |       |       ||   205
         Long sword        |       |       |    54 |       |       |       |       |       |       ||    54
         Quarterstaff      |       |       |    20 |   168 |       |       |       |       |       ||   188
         Demon whip        |       |       |       |   240 |   585 |   209 |   211 |       |   175 ||  1420
         Rapier            |       |       |       |    36 |   248 |  1007 |   755 |       |       ||  2046
         Unarmed           |       |       |       |       |       |     1 |     2 |       |       ||     3
         Demon blade       |       |       |       |       |       |       |   639 |  1057 |   494 ||  2190
         Lance             |       |       |       |       |       |       |       |       |  1147 ||  1147
         Headbutt          |       |       |       |       |       |       |       |       |    48 ||    48
   Fire: Hand crossbow     |       |       |       |       |       |     2 |       |       |       ||     2
   Cast: Hailstorm         |       |     2 |    23 |    10 |       |       |       |       |       ||    35
         Kiss of Death     |       |     3 |     1 |       |       |       |       |       |       ||     4
         Inner Flame       |       |       |     7 |     7 |    15 |    11 |     2 |       |       ||    42
         Sticky Flame      |       |       |     3 |     4 |     5 |       |       |       |       ||    12
         Borgnjor's Vile C |       |       |       |    16 |    72 |    68 |    64 |     3 |    17 ||   240
         Tukima's Dance    |       |       |       |     3 |     6 |     1 |       |       |       ||    10
         Apportation       |       |       |       |       |       |       |     6 |       |    31 ||    37
         Statue Form       |       |       |       |       |       |       |     5 |    12 |    39 ||    56
         Ignition          |       |       |       |       |       |       |     3 |    28 |    54 ||    85
         Irradiate         |       |       |       |       |       |       |       |     4 |    18 ||    22
         Passwall          |       |       |       |       |       |       |       |       |    15 ||    15
         Passage of Golubr |       |       |       |       |       |       |       |       |     3 ||     3
 Invoke: Slouch            |       |       |       |       |     3 |     6 |     7 |     1 |    11 ||    28
         Step From Time    |       |       |       |       |     1 |       |     2 |       |     9 ||    12
         Temporal Distorti |       |       |       |       |       |     1 |       |       |     3 ||     4
Ability: Evoke Blink       |       |       |       |       |       |     3 |     2 |       |     4 ||     9
         End Transformatio |       |       |       |       |       |       |       |       |     5 ||     5
  Evoke: Wand              |       |       |     3 |     7 |     8 |     9 |     3 |       |     2 ||    32
         Tin of tremorston |       |       |       |       |     1 |     3 |     2 |     1 |     5 ||    12
    Use: Scroll            |       |     8 |     8 |    14 |    16 |    11 |     7 |     5 |    26 ||    95
         Potion            |       |       |       |     1 |     5 |     3 |     4 |       |    47 ||    60
   Stab: Distracted        |     1 |       |       |       |     5 |     5 |    25 |    34 |    33 ||   103
         Sleeping          |     1 |     4 |    11 |     7 |    19 |    25 |    47 |    39 |    18 ||   171
         Paralysed         |       |       |     3 |     5 |       |       |     4 |       |       ||    12
         Invisible         |       |       |       |       |       |     4 |     4 |       |       ||     8
         Confused          |       |       |       |       |       |       |     1 |       |     1 ||     2
 Armour: Leather armour    |    24 |    24 |    99 |    85 |       |       |       |       |       ||   232
         Troll leather arm |       |       |       |   137 |   187 |   191 |   380 |   185 |   226 ||  1306
         Ice dragon scales |       |       |       |       |    47 |       |       |       |       ||    47
         Robe              |       |       |       |       |       |   106 |     3 |       |       ||   109
         Skin              |       |       |       |       |       |       |   163 |    86 |   364 ||   613
  Dodge: Dodged            |    61 |    73 |   230 |   553 |   724 |   875 |  1803 |   919 |  1763 ||  7001
  Block: Buckler           |       |       |       |       |   308 |   430 |   787 |   443 |   831 ||  2799
         Reflection        |       |       |       |       |     8 |    34 |     6 |    22 |    15 ||    85

Table legend: (Time is in decaauts)
 A = Elapsed time spent in this place.
 B = Non-inter-level travel time spent in this place.
 C = Inter-level travel time spent in this place.
 D = Time resting spent in this place.
 E = Time spent auto-exploring this place.
 F = Levels seen in this place.
 G = Mean time per level.
                   A        B        C        D        E       F      G
               +--------+--------+--------+--------+--------+-----+--------+
         Total |  93298 |  82776 |  10522 |   1025 |  62188 |  70 | 1332.8 |
       Dungeon |  22613 |  19352 |   3261 |    177 |  14959 |  15 | 1507.5 |
          Lair |   8775 |   7732 |   1043 |      0 |   5952 |   5 | 1755.0 |
         Swamp |   4536 |   4252 |    284 |      0 |   3146 |   4 | 1134.0 |
   Spider Nest |   5967 |   5732 |    235 |      0 |   4248 |   4 | 1491.8 |
  Orcish Mines |   3563 |   2377 |   1186 |      0 |   1809 |   2 | 1781.5 |
   Elven Halls |   7491 |   6735 |    756 |    120 |   5089 |   3 | 2497.0 |
        Vaults |  11106 |   9988 |   1118 |     74 |   8014 |   5 | 2221.2 |
         Crypt |   5326 |   4890 |    436 |      0 |   3827 |   3 | 1775.3 |
        Depths |   8898 |   7821 |   1077 |      3 |   6422 |   4 | 2224.5 |
           Zot |  11522 |  10400 |   1122 |    413 |   7707 |   5 | 2304.4 |
      Ziggurat |   1796 |   1796 |      0 |    237 |    158 |  18 |   99.8 |
      Ice Cave |   1409 |   1409 |      0 |      0 |    761 |   1 | 1409.0 |
       Volcano |    290 |    290 |      0 |      0 |     93 |   1 |  290.0 |
               +--------+--------+--------+--------+--------+-----+--------+

Top non-repeatable levels by time:
   Elf:3: 3304 daAuts
   Elf:1: 2795 daAuts
   Zot:3: 2782 daAuts
   Orc:2: 2780 daAuts
Depths:2: 2774 daAuts
   Zot:5: 2765 daAuts
Depths:4: 2650 daAuts
Vaults:5: 2542 daAuts
Vaults:4: 2506 daAuts
Vaults:2: 2464 daAuts
   Zot:1: 2223 daAuts
Depths:3: 2173 daAuts
  Lair:5: 2172 daAuts
   Zot:2: 2062 daAuts
    D:15: 2053 daAuts
